 Dungeon Crawl Stone Soup version 0.31.0-9-g3a7656b989 (webtiles) character file.

Game seed: 6152748319621946668

7512 cdecastro the Arsonist (level 10, -1/59 HPs)
             Began as a Deep Elf Fire Elementalist on Jan 24, 2024.
             Was a Believer of Elyvilon.
             Killed by an exploding wolf (10 damage)
             ... ignited by their inner flame
             ... on level 9 of the Dungeon.
             The game lasted 00:38:25 (11791 turns).

cdecastro the Arsonist (DEFE)                      Turns: 11791, Time: 00:38:26

Health: -1/59      AC:  5    Str:  5    XL:     10   Next: 95%
Magic:  24/35      EV: 19    Int: 23    God:    Elyvilon [**....]
Gold:   500        SH:  0    Dex: 21    Spells: 16/29 levels left

rFire   + + .        m - staff of fire
rCold   . . .        (no shield)
rNeg    . . .        a - +0 robe
rPois   .            z - +2 hat
rElec   +            y - +0 cloak
rCorr   .            (no gloves)
SInv    .            (no boots)
Will    ++...        (no amulet)
Stlth   +++          w - ring "Teulinu" {rElec rF+ Will+ Int-2 Dex+6}
HPRegen 0.29/turn    x - ring of magical power
MPRegen 0.24/turn

%: no passive effects
@: no status effects
A: no striking features
a: Renounce Religion, Purification, Heal Other


You were on level 9 of the Dungeon.
You worshipped Elyvilon.
Elyvilon was pleased with you.
You visited 2 branches of the dungeon, and saw 11 of its levels.
You also visited: Ossuary.

You collected 500 gold pieces.

Inventory:

Hand Weapons
 A - a +2 dagger of protection
 K - a +2 whip of flaming
Missiles
 H - a throwing net
Armour
 a - a +0 robe (worn)
 k - a +0 helmet
 y - a +0 cloak (worn)
 z - a +2 hat (worn)
Magical Staves
 m - a staff of fire (weapon)
Jewellery
 u - a ring of protection from fire
 w - the ring "Teulinu" (left hand) {rElec rF+ Will+ Int-2 Dex+6}
   (You found it on level 3 of the Dungeon)

   [ring of dexterity]

   Int-2:     It affects your intelligence (-2).
   Dex+6:     It affects your dexterity (+6).
   rF+:       It protects you from fire.
   rElec:     It insulates you from electricity.
   Will+:     It increases your willpower.
 x - a ring of magical power (right hand)
 E - a ring of see invisible
 F - a ring of flight
 I - a +6 ring of strength
Talismans
 f - a granite talisman
 J - a blade talisman
Wands
 d - a wand of polymorph (7)
 t - a wand of iceblast (3)
 Q - a wand of flame (10)
Scrolls
 h - 4 scrolls of fog {unknown}
 n - 3 scrolls of enchant armour {unknown}
 p - 2 scrolls of amnesia {unknown}
 q - 2 scrolls of poison {unknown}
 r - 7 scrolls of teleportation
 s - a scroll of blinking {unknown}
 B - a scroll of brand weapon {unknown}
 G - a scroll of butterflies {unknown}
 L - 2 scrolls of revelation {unknown}
 N - a scroll of acquirement {unknown}
 O - a scroll of fear {unknown}
 P - a scroll of enchant weapon {unknown}
 R - a scroll of vulnerability {unknown}
Potions
 b - 2 potions of magic
 c - a potion of degeneration {unknown}
 e - 3 potions of lignification
 g - 2 potions of might
 i - 2 potions of enlightenment
 j - 2 potions of heal wounds
 l - 6 potions of curing
 o - a potion of attraction {unknown}
 v - 2 potions of mutation {unknown}
 C - a potion of invisibility {unknown}
 D - 2 potions of haste {unknown}
 M - a potion of brilliance {unknown}


   Skills:
 - Level 5.0 Fighting
 - Level 10.0 Dodging
 + Level 4.1 Stealth
 - Level 10.0 Spellcasting
 - Level 8.0 Conjurations
 - Level 10.0 Fire Magic


You had 16 spell levels left.
You knew the following spells:

 Your Spells              Type           Power      Damage    Failure   Level
a - Foxfire               Conj/Fire      100%       2x1d9     1%          1
b - Scorch                Fire           100%       2d9       1%          2
c - Inner Flame           Hex/Fire       51%        N/A       2%          3
d - Volatile Blastmotes   Fire/Tloc      100%       2d18      2%          3
e - Flame Wave            Conj/Fire      68%        2d15      1%          4

Your spell library contained the following spells:

 Spells                   Type           Power      Damage    Failure   Level
 Apportation              Tloc           22%        N/A       5%          1
 Jinxbite                 Hex            22%        N/A       9%          2
 Lesser Beckoning         Tloc           22%        N/A       9%          2
 Sublimation of Blood     Necr           11%        N/A       9%          2
 Gell's Gravitas          Tloc           11%        N/A       17%         3
 Teleport Other           Tloc           11%        N/A       17%         3
 Irradiate                Conj/Alch      14%        3d16      30%         5
 Anguish                  Hex/Necr       5%         N/A       50%         4
 Cause Fear               Hex            5%         N/A       50%         4
 Petrify                  Alch/Erth      11%        N/A       50%         4
 Alistair's Intoxication  Alch           7%         N/A       83%         5
 Summon Cactus Giant      Summ           5%         N/A       100%        6
 Enfeeble                 Hex            5%         N/A       100%        7


Dungeon Overview and Level Annotations

Branches:
Dungeon (10/15)            Temple (1/1) D:7            Lair (0/5) D:8
Ossuary (visited)
    Orc: D:9-12

Altars:
Cheibriados
Dithmenos
Elyvilon
Gozag
Makhleb
Nemelex Xobeh
Okawaru
Qazlal
Sif Muna
Trog
Uskayaw
Vehumet
Xom
Yredelemnul
Zin
The Shining One

Shops:
D:5 :

Annotations:
D:8 1 transporter
D:10 Grum, Josephine


Message History

The wolf's fire resistance burns away.
The wolf closely misses you. The wolf bites you. The wolf closely misses you.
Josephine the Decaying Necromancer comes into view.
She is wielding a +0 dagger.
The wolf bites you. The wolf bites you but does no damage.
The wolf closely misses you.
Unknown command.
Unknown command.
Unknown command.
Casting: Scorch (safe; 1% risk of failure)
Confirm with . or Enter, or press ? or * to list all spells.
You feel a surge of power!
Flames lash the wolf.
The wolf is moderately wounded.
The wolf's fire resistance burns away.
The wolf bites you. The wolf misses you. The wolf closely misses you.
The wolf misses you.
The wolf bites you but does no damage. x2
Unknown command.
The wolf bites you! The wolf completely misses you.
The wolf closely misses you.
Grum hits you from afar with a +0 spear!
* * * LOW HITPOINT WARNING * * *
You climb upwards.
Your summoned allies are left behind.
There is a stone staircase leading down here.
Unknown command.
Unknown command.
Unknown command.
Unknown command.
Casting: Scorch (safe; 1% risk of failure)
Confirm with . or Enter, or press ? or * to list all spells.
You feel a surge of power!
Flames lash the wolf.
Flame seeps out of the wolf.
The wolf is severely wounded.
The wolf's fire resistance burns away.
The wolf is no longer more vulnerable to fire.
The wolf bites you!
* * * LOW HITPOINT WARNING * * *
The wolf is engulfed in blazing flames.
The wolf explodes!
The fiery explosion engulfs the wolf!!
You kill the wolf!
The fiery explosion engulfs you! You resist.
You die...

####.._..####..####...##.....♣♣♣.
...........................#..♣♣♣
##..########.#######.########..♣♣
#..## #.## ### ##... ..## #..#
##..♣♣ .## #..### #..♣♣♣ .#
##...## #.♣♣♣. .## #### ##..h#
#....♣ ..####).## ##§@# ##....♣
#........# #.○# ###.....♣
#######..## ##§# ##........
###.## ##.# ##.......## ####
##.####..# ##..###...# ...##
##..##..# ##..## #...## ....##
##....## #..## #...[# ###..##
#...## #.## #....# ##..######..##
#.# #....#


You could see a wolf (combustible).

Vanquished Creatures
  Pikel (D:6)
  A manticore (D:9)
  An ugly thing (D:9)
  A hornet (D:9)
  2 slime creatures (D:9)
  A wraith (D:10)
  14 yaks (D:9)
  A steam dragon (D:9)
  2 water moccasins
  An orc warrior (D:8)
  2 black bears
  3 ice beasts
  A sky beast (D:7)
  4 wolves
  2 ogres
  3 centaurs
  3 lemures (D:7)
  3 kobold brigands
  2 bullfrogs (D:8)
  5 wights
  A gnoll sergeant (D:10)
  3 scorpions
  2 burial acolytes (Ossuary)
  4 killer bees (D:8)
  A howler monkey (D:5)
  4 orc priests
  A bombardier beetle (D:5)
  2 hounds
  A sleepcap (D:6)
  A gnoll bouda (D:7)
  7 iguanas
  7 orc wizards
  An adder (D:5)
  15 gnolls
  2 white imps
  2 ufetubi (D:6)
  2 adder skeletons (Ossuary)
  5 ribbon worms
  7 dart slugs
  28 orcs
  6 ball pythons
  6 endoplasms
  4 giant cockroaches
  13 goblins
  3 hobgoblins
  3 jackals (D:5)
  20 kobolds
  2 quokkas
  A ball python skeleton (Ossuary)
  4 bats
  5 frilled lizards
  A hobgoblin skeleton (Ossuary)
  4 kobold skeletons (Ossuary)
  An orc skeleton (Ossuary)
  7 rats
229 creatures vanquished.

Vanquished Creatures (collateral kills)
  2 foxfires (D:8)
2 creatures vanquished.

Vanquished Creatures (others)
  512 foxfires
512 creatures vanquished.

Grand Total: 743 creatures vanquished

Notes
Turn   | Place    | Note
-------+----------+-------------------------------------------
     0 | D:1      | cdecastro the Deep Elf Fire Elementalist began the quest
                  | for the Orb.
     0 | D:1      | Reached XP level 1. HP: 10/10 MP: 6/6
    73 | D:1      | Upgraded the game from 0.31.0-7-gf635a9b802 to
                  | 0.31.0-9-g3a7656b989
   369 | D:1      | Reached XP level 2. HP: 15/15 MP: 5/8
   372 | D:1      | Learned a level 2 spell: Scorch
  1102 | D:2      | Reached XP level 3. HP: 19/19 MP: 7/9
  1470 | D:2      | Reached skill level 5 in Fire Magic
  2126 | D:3      | Identified the ring "Teulinu" {rElec rF+ Will+ Int-2 Dex+6}
  2200 | D:3      | Reached XP level 4. HP: 24/24 MP: 10/10
  2396 | D:3      | Learned a level 3 spell: Inner Flame
  2404 | D:2      | Learned a level 3 spell: Volatile Blastmotes
  2631 | D:3      | Reached XP level 5. HP: 28/28 MP: 11/11
  3322 | D:4      | Noticed an ogre
  3346 | D:4      | Killed an ogre
  3347 | D:4      | Reached XP level 6. HP: 20/32 MP: 12/12
  4418 | D:5      | Entered Level 5 of the Dungeon
  4528 | D:5      | Found Vairaem's Self-Published Books.
  4554 | D:5      | Reached XP level 7. HP: 36/36 MP: 13/13
  5453 | D:6      | Reached skill level 10 in Fire Magic
  5788 | D:6      | Reached skill level 5 in Spellcasting
  5788 | D:6      | Reached XP level 8. HP: 41/41 MP: 15/18
  5822 | D:6      | Learned a level 4 spell: Flame Wave
  6367 | D:7      | Reached skill level 5 in Conjurations
  6538 | D:7      | Noticed Pikel
  6564 | D:6      | Killed Pikel
  6565 | D:6      | Reached XP level 9. HP: 29/45 MP: 6/21
  6677 | D:7      | Found a sand-covered staircase.
  6691 | Ossuary  | Entered an ossuary
  7457 | D:7      | Found a staircase to the Ecumenical Temple.
  7466 | Temple   | Found a transporter.
  7466 | Temple   | Found a transporter.
  7466 | Temple   | Found a transporter.
  7466 | Temple   | Found a transporter.
  7466 | Temple   | Entered the Ecumenical Temple
  7481 | Temple   | Became a worshipper of Elyvilon the Healer
  7935 | D:7      | Reached * piety under Elyvilon
  8216 | D:7      | Found a snail-covered altar of Cheibriados.
  8359 | D:8      | Found a shadowy altar of Dithmenos.
  8516 | D:8      | Reached skill level 10 in Spellcasting
  8586 | D:8      | Found a transporter.
  8595 | D:8      | Noticed a kobold demonologist
  8601 | D:8      | Found a transporter.
  8610 | D:8      | Noticed a fire crab
  8610 | D:8      | Noticed a kobold demonologist
  8711 | D:8      | Reached skill level 5 in Dodging
  8933 | D:8      | Found a staircase to the Lair.
  9233 | D:8      | Noticed a +0 hand axe
  9234 | D:8      | Noticed a +0 hand axe
  9237 | D:8      | Found a hide-covered altar of Uskayaw.
  9514 | D:8      | Reached ** piety under Elyvilon
  9789 | D:9      | Found a shimmering altar of Xom.
  9789 | D:9      | Found a burning altar of Makhleb.
  9987 | D:9      | Reached XP level 10. HP: 50/50 MP: 24/26
 10171 | D:9      | Noticed a red ugly thing
 10179 | D:9      | Killed a cyan ugly thing
 10354 | D:9      | Noticed a manticore
 10360 | D:9      | Killed a manticore
 10422 | D:9      | Reached skill level 10 in Dodging
 10970 | D:9      | Found a shimmering blue altar of Sif Muna.
 11014 | D:9      | Reached skill level 5 in Fighting
 11634 | D:10     | Entered Level 10 of the Dungeon
 11641 | D:10     | Found a sparkling altar of Nemelex Xobeh.
 11677 | D:10     | Noticed Grum
 11787 | D:10     | Noticed Josephine
 11791 | D:9      | Killed by an exploding wolf... ignited by their inner flame

Illustrated notes

Levels and vault maps discovered:
D:1:      shiori_shiawase, layout_loops_ring
D:2:      layout_loops_ring, dreamdust_wishing_well
D:3:      layout_basic
D:4:      layout_basic
D:5:      layout_loops_cross, nicolae_custom_books
D:6:      layout_rooms
D:7:      layout_basic, cheibrodos_worm_habitat,
          minmay_temple_entry_stoned_glass, enter_ossuary_3, uniq_pikel
D:8:      gammafunk_wand_slinger, layout_basic, dancing_weapons_uskayaw,
          nicolae_dithmenos_through_a_glass_darkly, erik_lair_orcish_takeover
D:9:      layout_layer_cave, grunt_temple_overflow_champion_of_chaos,
          mainiacjoe_overflow_boulevard, kb_rosetta
D:10:     layout_cave_pools, mainiacjoe_overflow_alcove_1,
          minmay_overflow_temple_star_hex, worldfamousw_hep_ancestral_shrine,
          uniq_josephine, uniq_erica, uniq_grum
Temple:   hellmonk_temple_divided_pantheon

Skill      XL: |  1  2  3  4  5  6  7  8  9 10 |
---------------+-------------------------------+-----
Fire Magic     | 4 5 6 7 8 10 | 10.0
Spellcasting   | 5 7 10 | 10.0
Conjurations   | 7 8 |  8.0
Dodging        | 7 10 | 10.0
Fighting       | 5 |  5.0
Stealth        | 4 |  4.1

Action                     |  1- 3 |  4- 6 |  7- 9 | 10-12 || total
---------------------------+-------+-------+-------+-------++-------
  Melee: Unarmed           |     3 |       |       |       ||     3
         Dagger            |       |       |    14 |       ||    14
   Cast: Foxfire           |    49 |    52 |   158 |    43 ||   302
         Scorch            |    12 |    49 |    90 |    44 ||   195
         Volatile Blastmot |       |       |    18 |    10 ||    28
         Inner Flame       |       |       |    18 |     8 ||    26
Ability: Begin Untransform |       |       |     1 |       ||     1
  Evoke: Wand              |       |       |     5 |     1 ||     6
    Use: Scroll            |       |       |     7 |       ||     7
 Armour: Robe              |     6 |    21 |    52 |    39 ||   118
  Dodge: Dodged            |    12 |    18 |    53 |    24 ||   107
   Form: Statue            |       |       |     1 |       ||     1
